 Dungeon Crawl Stone Soup version 0.28-a0-938-gbc3f381ebc (webtiles) character file.

Game seed: 16785314238384588273

860 porpoise the Magician (level 7, -5/36 HPs)
             Began as a Deep Elf Conjurer on Nov 29, 2021.
             Slain by a hornet zombie (13 damage)
             ... on level 6 of the Dungeon.
             The game lasted 00:14:49 (6040 turns).

porpoise the Magician (Deep Elf Conjurer)           Turns: 6040, Time: 00:14:49

Health: -5/36      AC:  2    Str:  5    XL:     7   Next: 71%
Magic:  12/19      EV: 12    Int: 24    God:
Gold:   239        SH:  0    Dex: 13    Spells: 9/20 levels left

rFire   . . .      SeeInvis .   b - +0 hunting sling
rCold   . . .      Faith    .   (no shield)
rNeg    . . .      Spirit   .   f - +0 robe
rPois   .          Reflect  .   (no helmet)
rElec   .          Harm     .   (no cloak)
rCorr   .          Rampage  .   (no gloves)
Will    .....                   (no boots)
Stlth   ++........              (no amulet)
HPRegen 0.12/turn               (no ring)
MPRegen 0.16/turn               (no ring)

@: no status effects
A: no striking features
a: no special abilities


You were on level 6 of the Dungeon.
You visited 1 branch of the dungeon, and saw 6 of its levels.

You collected 239 gold pieces.

Inventory:

Hand Weapons
 a - a +2 dagger of electrocution
 b - a +0 hunting sling (weapon)
 n - a +2 short sword of speed
Missiles
 c - 76 stones (quivered ammo)
 k - 4 javelins
 p - 20 sling bullets
 t - 6 atropa-tipped darts
 v - 2 poisoned darts
Armour
 f - a +0 robe (worn)
 x - a +0 buckler
Jewellery
 q - an amulet of faith
Wands
 r - a wand of polymorph (6)
 u - a wand of paralysis (8)
Scrolls
 e - a scroll of amnesia {unknown}
 g - a scroll of teleportation {unknown}
 l - a scroll of vulnerability {unknown}
 o - a scroll of summoning {unknown}
Potions
 d - 2 potions of attraction
 h - a potion of lignification
 i - a potion of might
 j - a potion of resistance {unknown}
 m - 4 potions of curing
 s - a potion of brilliance {unknown}
 w - a potion of haste {unknown}


   Skills:
 - Level 2.4 Dodging
 - Level 2.4 Stealth
 - Level 7.0 Spellcasting
 + Level 5.5 Conjurations
 - Level 7.0 Hexes
 + Level 3.8 Translocations


You had 9 spell levels left.
You knew the following spells:

 Your Spells              Type           Power      Damage    Failure   Level
a - Magic Dart            Conj           100%       1d8       1%          1
b - Searing Ray           Conj           70%        2d7       1%          2
c - Fulminant Prism       Conj/Hex       19%        3d11      5%          4
d - Iskenderun's Mystic   Conj/Tloc      30%        2d8       11%         4

Your spell library contained the following spells:

 Spells                   Type           Power      Damage    Failure   Level
 Dazzling Flash           Conj/Hex       76%        N/A       1%          3
 Foxfire                  Conj/Fire      84%        2x1d8     2%          1
 Inner Flame              Hex/Fire       25%        N/A       4%          3
 Cause Fear               Hex            21%        N/A       4%          4
 Conjure Flame            Conj/Fire      21%        6-21      7%          3
 Flame Wave               Conj/Fire      21%        2d6       22%         4
 Discord                  Hex            21%        N/A       100%        8


Dungeon Overview and Level Annotations

Branches:
Dungeon (6/15)
 Temple: D:4-7

Altars:
Dithmenos
Fedhas
Kikubaaqudgha
Trog
Xom

Annotations:
D:3 3 runed translucent doors, timneilson's ghost, amateur GrFi
D:6 1 runed translucent door


Message History

A zombie and a skeleton come into view.
Unknown command.
Unknown command.
Casting: Searing Ray (safe; 1% risk of failure)
Confirm with . or Enter, or press ? or * to list all spells.
You can't see any susceptible monsters within range! (Use Z to cast anyway.)
You shoot a stone.
The stone closely misses the hornet zombie.
Casting: Searing Ray (safe; 1% risk of failure)
Confirm with . or Enter, or press ? or * to list all spells.
Aiming: Searing Ray (safe; 1% risk of failure)
Press: ? - help, Shift-Dir - straight line, f/p - hornet zombie
Aim: a hornet zombie (83% to hit)
The searing ray hits the hornet zombie.
The hornet zombie is lightly damaged. (Press . to maintain the ray.)
The searing ray hits the hornet zombie!
The hornet zombie is moderately damaged.
The hornet zombie barely misses you.
The searing ray hits the hornet zombie!
The hornet zombie is moderately damaged.
The hornet zombie hits you.
The searing ray hits the hornet zombie!
The hornet zombie is heavily damaged.
You finish channelling your searing ray.
The hornet zombie hits you.
Casting: Searing Ray (safe; 1% risk of failure)
Confirm with . or Enter, or press ? or * to list all spells.
Aiming: Searing Ray (safe; 1% risk of failure)
Press: ? - help, Shift-Dir - straight line, f/p - hornet zombie
Aim: a hornet zombie (heavily damaged, 83% to hit)
The searing ray hits the hornet zombie.
The hornet zombie is severely damaged. (Press . to maintain the ray.)
The hornet zombie hits you!
The searing ray misses the hornet zombie.
The hornet zombie hits you!
* * * LOW HITPOINT WARNING * * *
The hornet zombie hits you!
You die...

...#######.. ...
..#.$.$.#.# ...
#.#..$$.#..
..##.+.._..#.#
#.#..#.....#..
#.#..#.$$$.#.. #
#....#######.. #.
#..#.........# #..
###@.......##.#
.#####.8Z.##.#..##+##
Z....................
..#+#...#..#.#.......
..#p#.((.....<.......
..###...#....#.......
........#............
..[#.#(.###..#...####
.###.#... ##>##.##


You could see a hornet zombie and a neutral human (wandering).

Vanquished Creatures
  A sky beast (D:5)
  2 ogres (D:5)
  A necrophage (D:5)
  A gnoll sergeant (D:5)
  A scorpion (D:4)
  A bullfrog skeleton (D:5)
  A hound (D:5)
  2 centaur skeletons (D:4)
  2 iguanas (D:5)
  7 gnolls
  5 adders
  2 ufetubi (D:4)
  An adder skeleton (D:4)
  5 worms
  7 dart slugs
  6 orcs
  3 ball pythons
  3 endoplasms
  2 giant cockroaches
  8 goblins
  8 hobgoblins
  3 jackals (D:2)
  2 kobolds
  2 quokkas
  2 bats
  A frilled lizard (D:3)
  A jackal zombie (D:6)
  4 rats
84 creatures vanquished.

Vanquished Creatures (others)
  A human (D:3)
1 creature vanquished.

Grand Total: 85 creatures vanquished

Notes
Turn   | Place    | Note
-------+----------+-------------------------------------------
     0 | D:1      | porpoise the Deep Elf Conjurer began the quest for the Orb.
     0 | D:1      | Reached XP level 1. HP: 10/10 MP: 6/6
   337 | D:1      | Reached XP level 2. HP: 15/15 MP: 1/8
   400 | D:1      | Learned a level 2 spell: Searing Ray
  1357 | D:2      | Reached skill level 5 in Conjurations
  1357 | D:2      | Reached XP level 3. HP: 14/19 MP: 0/10
  2138 | D:3      | Found a shadowy altar of Dithmenos.
  2184 | D:3      | Reached XP level 4. HP: 24/24 MP: 6/12
  2240 | D:3      | Learned a level 4 spell: Fulminant Prism
  2245 | D:3      | Learned a level 4 spell: Iskenderun's Mystic Blast
  2370 | D:3      | Reached skill level 5 in Spellcasting
  2625 | D:2      | Reached skill level 1 in Hexes
  3281 | D:3      | Found a runed translucent gate.
  3379 | D:3      | Noticed timneilson's ghost (amateur GrFi)
  3384 | D:3      | Found a runed translucent gate.
  3384 | D:3      | Found a runed translucent gate.
  3441 | D:3      | Reached XP level 5. HP: 28/28 MP: 10/14
  3678 | D:3      | Found an ancient bone altar of Kikubaaqudgha.
  3690 | D:3      | Noticed a human
  3692 | D:3      | Killed a human
  4218 | D:4      | Reached XP level 6. HP: 32/32 MP: 11/17
  4608 | D:5      | Entered Level 5 of the Dungeon
  4726 | D:5      | Noticed a sky beast
  4859 | D:5      | Reached skill level 5 in Hexes
  4897 | D:5      | Killed a sky beast
  4898 | D:5      | Reached skill level 1 in Translocations
  4898 | D:5      | Reached XP level 7. HP: 29/36 MP: 13/19
  5675 | D:5      | Found a blossoming altar of Fedhas.
  5797 | D:5      | Noticed a moth of wrath
  5801 | D:5      | Found a bloodstained altar of Trog.
  6022 | D:6      | Found a shimmering altar of Xom.
  6027 | D:6      | Found a runed translucent door.
  6027 | D:6      | Noticed a human
  6040 | D:6      | Slain by a hornet zombie

Illustrated notes

Levels and vault maps discovered:
D:1:      dpeg_arrival_signposts, layout_basic, minmay_misc_feat_encased
D:2:      layout_loops_cross
D:3:      layout_basic, tgw_kikubaaqudgha, nicolae_dithmenos_the_darkroom,
          gammafunk_ghost_split
D:4:      layout_basic, minmay_misc_feat_four_crosses
D:5:      layout_rooms, fedhas_altar_1, tgw_trog, kennysheep_opposing_triangles
D:6:      layout_basic, dk_yredelemnul_ordeal,
          mainiacjoe_overflow_six_doors_small, mainiacjoe_overflow_catwalk,
          amcnicky_altar_gilded, minmay_temple_entry_sparse_star,
          cheibrodos_sewer_entry_drain, serial_shops, shop_fountains

Skill      XL: |  1  2  3  4  5  6  7 |
---------------+----------------------+-----
Spellcasting   | 4 5 6 7 |  7.0
Conjurations   | 5 |  5.5
Hexes          | 1 3 5 7 |  7.0
Translocations | 1 3 |  3.8
Dodging        | |  2.4
Stealth        | |  2.4

Action                   |  1- 3 |  4- 6 |  7- 9 || total
-------------------------+-------+-------+-------++-------
 Fire: Hunting sling     |     6 |    17 |    21 ||    44
 Cast: Magic Dart        |    43 |    13 |     1 ||    57
       Searing Ray       |    10 |    28 |    15 ||    53
  Use: Scroll            |       |     5 |       ||     5
Armor: Robe              |       |     1 |       ||     1
Dodge: Dodged            |     6 |    10 |     9 ||    25

Table legend: (Time is in decaauts)
 A = Elapsed time spent in this place.
 B = Non-inter-level travel time spent in this place.
 C = Inter-level travel time spent in this place.
 D = Time resting spent in this place.
 E = Time spent auto-exploring this place.
 F = Levels seen in this place.
 G = Mean time per level.
                   A        B        C        D        E       F      G
               +--------+--------+--------+--------+--------+-----+--------+
         Total |   6046 |   5897 |    149 |   2706 |   2402 |   6 | 1007.7 |
       Dungeon |   6046 |   5897 |    149 |   2706 |   2402 |   6 | 1007.7 |
               +--------+--------+--------+--------+--------+-----+--------+

Top non-repeatable levels by time:
     D:5: 1400 daAuts
     D:1: 1330 daAuts
     D:3: 1197 daAuts
     D:2: 1115 daAuts
     D:4: 966 daAuts
     D:6: 36 daAuts
